 Dungeon Crawl Stone Soup version 0.21-a0-140-g479285b (webtiles) character file.

534729 Gorglomux the Slayer (level 25, -27/246 (250) HPs)
             Began as a Hill Orc Abyssal Knight on July 19, 2017.
             Was the Champion of Makhleb.
             Killed from afar by an electric golem (35 damage)
             ... with a bolt of lightning
             ... on level 5 of the Depths.
             The game lasted 01:46:06 (49027 turns).

Gorglomux the Slayer (Hill Orc Abyssal Knight)     Turns: 49027, Time: 01:46:07

HP:   -27/246 (250) AC: 33    Str: 27    XL:     25   Next: 76%
MP:   38/38         EV: 17    Int: 12    God:    Makhleb [******]
Gold: 2369          SH: 34    Dex: 21    Spells: 21/24 levels left

rFire    + . .     SeeInvis +   a - +9 broad axe (vamp)
rCold    + . .     Gourm    .   v - +8 large shield
rNeg     + + .     Faith    .   H - +7 chain mail "Vunkutu" {rC+ rN+ rCorr Str-2}
rPois    +         Spirit   .   O - +2 helmet {SInv}
rElec    .         Reflect  .   N - scarf {repulsion}
rCorr    +         Harm     .   C - +2 pair of gloves {Dex+3}
MR       ++...                  j - +2 pair of boots {Fly}
Stlth    ..........             r - amulet of regeneration
HPRegen  0.91/turn              G - ring "Hikkaleo" {MR+ Dex+4}
MPRegen  0.26/turn              J - ring "Ukliss" {rPois rF+ rN+ Dex+4}

@: about to teleport, studying Armour, repel missiles
A: deterioration 1, strong 1, sturdy frame 1
}: 3/15 runes: decaying, serpentine, silver
a: Minor Destruction, Lesser Servant of Makhleb, Major Destruction, Greater
Servant of Makhleb, Renounce Religion, Evoke Flight


You were on level 5 of the Depths.
You worshipped Makhleb.
Makhleb was exalted by your worship.
You were not hungry.

You visited 10 branches of the dungeon, and saw 44 of its levels.
You visited the Abyss 3 times.
You also visited: Trove, Sewer and Ice Cave.

You collected 6027 gold pieces.
You spent 3658 gold pieces at shops.

Inventory:

Hand Weapons
 a - a +9 vampiric broad axe (weapon)
 b - the +8 mithril axe "Arga" {speed, MR+}
   (You found it in a treasure trove)

   Attacks with this weapon are significantly faster.
   It affects your resistance to hostile enchantments.
Missiles
 Z - 2 throwing nets (quivered)
Armour
 j - a +2 pair of boots of flying (worn)
 v - a +8 large shield (worn)
 C - a +2 pair of gloves of dexterity (worn)
 H - the +7 chain mail "Vunkutu" (worn) {rC+ rN+ rCorr Str-2}
   (You found it on level 8 of the Dungeon)

   It affects your strength (-2).
   It protects you from cold.
   It protects you from negative energy.
   It protects you from acid and corrosion.
 N - a scarf of repulsion (worn)
 O - a +2 helmet of see invisible (worn)
Jewellery
 c - an uncursed ring of protection from cold
 f - an uncursed ring of protection from fire
 r - an amulet of regeneration (around neck)
 G - the ring "Hikkaleo" (left hand) {MR+ Dex+4}
   (You bought it in a shop on level 3 of the Vaults)

   [ring of protection from magic]

   It affects your dexterity (+4).
   It affects your resistance to hostile enchantments.
 J - the ring "Ukliss" (right hand) {rPois rF+ rN+ Dex+4}
   (You found it on level 8 of the Dungeon)

   [ring of protection from fire]

   It affects your dexterity (+4).
   It protects you from fire.
   It protects you from poison.
   It protects you from negative energy.
Wands
 A - a wand of acid (7/15)
 D - a wand of digging (14/24)
 E - a wand of enslavement (17/24)
 I - a wand of iceblast (3/15)
 P - a wand of paralysis (15/24)
Scrolls
 g - 3 scrolls of summoning
 h - 9 scrolls of fear
 q - a scroll of recharging
 s - 3 scrolls of enchant armour
 t - 8 scrolls of immolation
 w - 7 scrolls of fog
 x - 21 scrolls of remove curse
 y - 3 scrolls of silence
 B - 6 scrolls of blinking
 R - 5 scrolls of identify
 S - 6 scrolls of magic mapping
 T - 16 scrolls of teleportation
Potions
 d - 6 potions of haste
 e - a potion of ambrosia
 k - 6 potions of heal wounds
 o - 4 potions of agility
 p - 5 potions of berserk rage
 u - 2 potions of cancellation
 F - 4 potions of might
 K - 4 potions of invisibility
 Q - 15 potions of curing
Books
 M - a manual of Armour
Miscellaneous
 U - 3 boxes of beasts
 V - 3 phantom mirrors
 W - 2 sacks of spiders
 X - a phial of floods
 Y - a lamp of fire
Comestibles
 i - 18 bread rations
 z - 17 meat rations
 L - 6 chunks of flesh


   Skills:
 - Level 25.4 Fighting
 - Level 18.0 Axes
 + Level 18.0 Armour
 - Level 9.5 Dodging
 - Level 23.6 Shields
 + Level 23.4 Invocations


You had 21 spell levels left.
You knew the following spells:

 Your Spells              Type           Power        Failure   Level  Hunger
R - Regeneration          Chrm/Necr      #.........   95%         3    ####...


Dungeon Overview and Level Annotations

Branches:
Dungeon (15/15)            Temple (1/1) D:5            Lair (6/6) D:11
  Swamp (4/4) Lair:4        Snake (4/4) Lair:3        Slime (1/5) Lair:5
    Orc (2/2) D:12            Elf (0/3) Orc:2        Vaults (5/5) D:14
  Crypt (0/3) Vaults:2     Depths (5/5) D:15            Zot (1/5) Depths:5

Altars:
Ashenzari
Cheibriados
Dithmenos
Elyvilon
Fedhas
Gozag
Hepliaklqana
Kikubaaqudgha
Makhleb
Nemelex Xobeh
Okawaru
Qazlal
Ru
Sif Muna
Trog
Uskayaw
Vehumet
Wu Jian
Xom
Yredelemnul
Zin
The Shining One
Beogh
Jiyva

Shops:
D:5 ?   D:9 %   D:12 *%[?=   D:13 :   Orc:1 *   Orc:2 %[(%   Snake:1 [
Snake:2 [   Vaults:1 [   Vaults:2 (   Vaults:3 ??=}   Vaults:4 (

Portals:
Hell: Depths:1 Depths:2 Depths:3 Depths:4 Depths:5
Abyss: Depths:3 Depths:4 Depths:5
Pandemonium: Depths:3
Ziggurat: Depths:5

Annotations:
Abyss:1 Menkaure


Innate Abilities, Weirdness & Mutations

Your body sometimes deteriorates upon taking damage.
Your muscles are strong. (Str +2)
Your movements are slightly less encumbered by armour. (ER -2)


Message History

The butt dragon tramples butt but does no damage!
Unknown command!
You chop the golden dragon into pieces!!!!!!
The golden dragon is severely wounded!
You closely miss the electric golem!
You chop the storm dragon into pieces!!!
The electric golem hurls lightning at you!
The bolt of lightning misses you!
The bolt of lightning hits the storm dragon!
The storm dragon completely resists!
The bolt of lightning hits the storm dragon!
The storm dragon completely resists!
The bolt of lightning is repelled!
The electric golem hurls lightning at you!
The bolt of lightning hits you!!! * * * don't die
* * * The butt of lightning hits the storm dragon!
The storm dragon completely resists!
The bolt of lightning misses the storm dragon!
The bolt of lightning hits you!!! rip

(...#.##....##..## #..#
....#..#.....##..####..#
....#..##.....##.......#
....#...#......##..###.#
....#.#.##......##..##.###
#+###.#..#.......##......#
#.###.#..#........#..###)#
#.....'..#...)..D)##.# #.#
....###..#..⌠..8@D.#.# #(# #.###
#..#.....[[.##.# #(# #.#
#..#..[[....#..# #.# #.#
#..#...([..##..# #(#
#'#####.##......##...###'########
....##..#......##................
###.##.##.....##...∩............(
###.#..#.....##..................
≈≈#.#.##....##...................


You could see an electric golem, a golden dragon and a storm dragon.

Vanquished Creatures
  An orb of fire (Depths:5)
  2 ancient liches (Vaults:5)
  the Lernaean hydra (Swamp:4)
  Vashnia (Snake:4)
  3 golden dragons
  A bone dragon (Abyss:3)
  3 liches
  8 tentacled monstrosities
  2 quicksilver dragons
  9 titans
  5 sphinxes
  8 tentacled starspawn
  Kirke (D:14)
  A thorn hunter (Swamp:4)
  Agnes (D:14)
  6 tengu reavers
  3 shadow dragons
  2 storm dragons
  A draconian monk (Depths:5)
  A revenant (Abyss:3)
  9 nagarajas
  Roxanne (Swamp:1)
  7 frost giants
  8 fire giants
  17 vault wardens
  2 deep elf sorcerers (Vaults:5)
  2 draconian scorchers (Depths:5)
  17 very ugly things
  24 stone giants
  A draconian annihilator (Depths:5)
  20 ironheart preservers
  Nessos (D:14)
  A spriggan defender (Depths:4)
  2 green draconians (Depths:5)
  A yellow draconian (Depths:5)
  2 purple draconians
  A black draconian (Depths:5)
  2 deep elf demonologists
  A white draconian (Depths:5)
  6 deep elf annihilators
  4 spark wasps (Depths:2)
  12 ettins
  A red draconian (Depths:5)
  A merfolk javelineer (Depths:4)
  A deep elf death mage (Vaults:5)
  7 fire dragons
  3 deep elf high priests
  10 great orbs of eyes
  Josephine (Swamp:1)
  2 jiangshi (Depths:1)
  A crystal guardian (Vaults:5)
  17 yaktaur captains
  27 vault guards
  10 hydras
  9 ice dragons
  4 rakshasas
  3 spriggan air magi
  19 naga warriors
  A catoblepas (shapeshifter) (Vaults:5)
  2 ghost crabs (Swamp:3)
  5 death knights
  10 anacondas
  10 centaur warriors
  An anaconda (shapeshifter) (Vaults:5)
  12 ogre magi
  8 deep troll shamans
  40 two-headed ogres
  A hell hog (Abyss:3)
  4 vampire magi
  5 alligators
  A queen ant (shapeshifter) (Vaults:5)
  8 shock serpents
  7 tengu warriors
  20 thrashing horrors
  6 deep troll earth magi
  4 death yaks (Lair:6)
  An orc high priest (Orc:1)
  3 spriggan berserkers (Depths:3)
  Urug (D:14)
  14 naga sharpshooters
  Sonja (D:13)
  6 deep elf knights
  8 wretched stars
  5 iron trolls
  7 salamander mystics
  15 skeletal warriors
  A shadow wraith (Vaults:5)
  4 sixfirhies (Abyss:3)
  17 hell knights
  2 sea snakes (Snake:1)
  A storm dragon skeleton (Vaults:2)
  A flayed ghost (Vaults:4)
  2 spriggan druids
  2 glowing orange brains
  2 shambling mangroves (Swamp:4)
  7 wizards
  25 deep trolls
  2 death drakes
  10 swamp dragons
  2 spectral hydras (Swamp:3)
  A lindwurm (Lair:6)
  6 unseen horrors
  17 starcursed masses
  A swamp dragon (shapeshifter) (Vaults:3)
  3 naga ritualists
  A shadow dragon zombie (Depths:2)
  6 phantasmal warriors
  9 harpies
  12 deep elf archers
  16 mana vipers
  10 orc knights
  2 frost giant zombies
  13 necromancers
  2 tengu skeletons (Vaults:2)
  48 ugly things
  An orb spider (shapeshifter) (Vaults:2)
  16 ironbrand convokers
  2 manticores
  A wolf spider (Vaults:2)
  18 deep elf magi
  3 orc sorcerers
  8 cyclopes
  34 slime creatures
  8 salamanders
  14 elephants
  A worldbinder (Abyss:3)
  10 guardian serpents
  2 salamanders (shapeshifter) (Vaults:1)
  19 vault sentinels
  A guardian serpent (shapeshifter) (D:14)
  2 black mambas (shapeshifter)
  2 ice statues (IceCv)
  3 smoke demons
  A frost giant skeleton (Vaults:3)
  40 black mambas
  A torpor snail (Lair:4)
  12 spiny frogs
  24 naga magi
  An orange demon (Abyss:3)
  2 gargoyles
  A yaktaur zombie (Vaults:2)
  72 yaktaurs
  3 rime drakes
  A kobold demonologist (Depths:4)
  5 swamp worm zombies (Swamp:3)
  A yaktaur skeleton (Vaults:3)
  An efreet (D:8)
  6 komodo dragons
  A rime drake (shapeshifter) (Vaults:1)
  A tormentor (Abyss:3)
  10 freezing wraiths
  A guardian mummy (D:10)
  4 ancient zymes
  A hellwing (Abyss:3)
  A troll (shapeshifter) (Depths:2)
  6 ice devils (IceCv)
  13 trolls
  3 tyrant leeches
  6 polar bears
  2 red devils (Depths:2)
  2 tengu conjurers
  22 hornets
  5 raiju
  Prince Ribbit (D:9)
  A shadow dragon simulacrum (Vaults:3)
  20 blink frogs
  An ettin zombie (Vaults:3)
  4 spectral swamp dragons (Swamp:3)
  2 dream sheep (shapeshifter)
  18 bog bodies
  6 alligator zombies (Swamp:3)
  3 dream sheep (Lair:4)
  2 hippogriffs (shapeshifter)
  12 hippogriffs
  A frost giant simulacrum (Abyss:3)
  2 ettin skeletons (Vaults:2)
  4 redbacks (Depths:1)
  3 air elementals (Depths:5)
  34 yaks
  5 wraiths
  A tarantella (shapeshifter) (Vaults:1)
  A tarantella (Depths:1)
  5 wyverns
  5 shadows
  A basilisk (D:11)
  12 spriggans
  3 tyrant leech zombies (Swamp:3)
  4 ynoxinuls (Abyss:3)
  A golden eye (shapeshifter) (Vaults:2)
  4 hungry ghosts
  7 hogs (D:14)
  13 water elementals
  A chaos spawn (Abyss:3)
  4 golden eyes (Abyss:3)
  The ghost of Charly the Ruffian, an amateur CeTm (D:4)
  14 vampire mosquitoes
  2 neqoxecs (Abyss:3)
  17 large abominations
  2 acid dragons (shapeshifter)
  A soldier ant (shapeshifter) (D:14)
  9 wargs
  50 nagas
  3 acid dragons
  10 porcupines
  29 swamp worms
  A water moccasin (shapeshifter) (Depths:5)
  8 insubstantial wisps (Swamp:3)
  2 soldier ants
  3 floating eyes
  25 water moccasins
  3 spiny frog zombies (Swamp:3)
  14 swamp drakes
  32 orc warriors
  3 ice beasts
  5 sky beasts
  3 black bears
  4 eyes of draining
  3 phantoms
  A necrophage (D:10)
  49 ogres
  15 wolves
  An ettin simulacrum (Vaults:3)
  27 centaurs
  9 boggarts
  2 elf skeletons (Vaults:2)
  7 human skeletons
  10 crocodiles
  5 big kobolds
  16 small abominations
  23 bullfrogs
  A wyvern zombie (D:12)
  A wyvern skeleton (D:11)
  10 scorpions
  A water moccasin skeleton (D:7)
  2 spriggan zombies
  15 wights
  3 killer bees (D:9)
  A troll zombie (Swamp:3)
  2 electric eels
  9 crimson imps
  3 howler monkeys
  5 centaur zombies
  A quasit (D:8)
  A human simulacrum (Vaults:1)
  11 hounds
  6 centaur skeletons
  21 orc priests
  Crazy Yiuf (D:7)
  A bullfrog skeleton (D:7)
  3 jellies
  32 orc wizards
  5 iguanas
  13 worker ants
  2 hound zombies (D:8)
  A hound skeleton (D:9)
  2 howler monkey zombies
  A howler monkey skeleton (D:6)
  21 adders
  6 shadow imps
  9 white imps
  5 ufetubi (IceCv)
  9 oozes
  A worm (shapeshifter) (Vaults:3)
  5 worms
  2 dart slugs
  22 leopard geckos
  114 orcs
  7 bats
  10 giant cockroaches
  9 goblins
  6 hobgoblins
  7 jackals
  8 quokkas
  12 ball pythons
  15 frilled lizards
  22 kobolds
  A leopard gecko zombie (D:8)
  2 quokka skeletons
  2 quokka zombies
  6 rats
  6 briar patches (Swamp:4)
  A crawling corpse (Vaults:5)
  9 fungi
  2 plants
  7 starspawn tentacles
2212 creatures vanquished.

Vanquished Creatures (collateral kills)
  3 nagarajas
  A frost giant (Vaults:3)
  A vault warden (Vaults:3)
  A draconian annihilator (Depths:5)
  A reaper (IceCv)
  3 naga warriors
  3 hydras (Swamp:4)
  3 anacondas
  An alligator (Swamp:4)
  An ironbrand convoker (Vaults:5)
  A swamp dragon (Swamp:4)
  2 naga ritualists
  A black mamba (Snake:3)
  2 naga magi
  A vault sentinel (Vaults:3)
  A guardian serpent (Snake:1)
  2 bog bodies (Swamp:4)
  7 nagas
35 creatures vanquished.

Vanquished Creatures (others)
  7 hydras
  An ice dragon (Lair:5)
  An anaconda (Snake:3)
  An alligator (Swamp:1)
  A two-headed ogre (D:11)
  A deep elf knight (Vaults:1)
  A glowing orange brain (Depths:3)
  A deep elf mage (Vaults:4)
  A mana viper (Snake:4)
  3 oklob plants
  An elephant (Lair:4)
  3 spiny frogs
  A gargoyle (D:11)
  A yaktaur skeleton (Vaults:2)
  A bog body (Swamp:1)
  A wraith (Swamp:1)
  2 vampire mosquitoes (Swamp:1)
  A swamp worm (Swamp:1)
  4 swamp drakes
  A worker ant (D:13)
  6 white imps (IceCv)
  4 ufetubi (IceCv)
  A briar patch (Swamp:4)
  19 fungi
  25 plants
  9 starspawn tentacles
  6 withered plants (Swamp:3)
104 creatures vanquished.

Grand Total: 2351 creatures vanquished

Notes
Turn   | Place    | Note
-------+----------+-------------------------------------------
     0 | Abyss:1  | Gorglomux the Hill Orc Abyssal Knight began the quest for the Orb.
     0 | Abyss:1  | Reached XP level 1. HP: 19/19 MP: 2/2
     0 | Abyss:1  | Found a corrupted altar of Lugonu.
    16 | Abyss:2  | Noticed a large abomination
    16 | Abyss:2  | Found a corrupted altar of Lugonu.
    49 | Abyss:2  | Noticed a quasit
    51 | D:1      | Escaped the Abyss
   105 | D:1      | Reached skill level 3 in Axes
   119 | D:1      | You fall through a shaft!
   127 | D:2      | Reached XP level 2. HP: 13/27 MP: 3/3
   129 | D:2      | Reached skill level 4 in Fighting
   607 | D:2      | Reached XP level 3. HP: 18/33 MP: 4/4
   768 | D:1      | Reached * piety under Lugonu
  1475 | D:2      | Reached XP level 4. HP: 19/41 MP: 5/5
  1754 | D:2      | Reached skill level 5 in Fighting
  2148 | D:2      | Reached ** piety under Lugonu
  2334 | D:3      | Reached XP level 5. HP: 40/48 MP: 6/6
  2784 | D:3      | Reached skill level 1 in Shields
  3360 | D:4      | Noticed Charly's ghost (amateur CeTm)
  3378 | D:4      | Killed Charly's ghost
  3378 | D:4      | Reached XP level 6. HP: 33/57 MP: 7/7
  3454 | D:4      | Found an iron altar of Okawaru.
  3468 | D:4      | Reached skill level 6 in Fighting
  3772 | D:4      | Reached skill level 3 in Armour
  3820 | D:4      | Reached skill level 6 in Axes
  3820 | D:4      | Reached XP level 7. HP: 56/63 MP: 8/8
  3951 | D:4      | Found a glowing drain.
  3968 | Sewer    | Entered a sewer
  4105 | Sewer    | Reached *** piety under Lugonu
  4116 | Sewer    | Reached skill level 3 in Shields
  5080 | D:5      | Entered Level 5 of the Dungeon
  5197 | D:5      | You fall through a shaft for 2 floors!
  5226 | D:7      | Reached XP level 8. HP: 70/71 MP: 9/9
  5286 | D:7      | Found a runed door.
  5316 | D:7      | Noticed a spriggan baker
  5326 | D:7      | Killed a spriggan baker
  5326 | D:7      | Reached skill level 7 in Fighting
  5548 | D:6      | Reached **** piety under Lugonu
  5914 | D:5      | Found Sorghyawi's Magic Scroll Shop.
  5917 | D:5      | Bought a scroll of amnesia for 52 gold pieces
  5917 | D:5      | Bought a scroll of enchant armour for 112 gold pieces
  5917 | D:5      | Bought a scroll of enchant armour for 112 gold pieces
  5917 | D:5      | Bought a scroll of identify for 30 gold pieces
  6171 | D:5      | Found a staircase to the Ecumenical Temple.
  7239 | D:7      | Reached XP level 9. HP: 81/81 MP: 10/10
  7249 | D:7      | Reached skill level 8 in Fighting
  7251 | D:7      | Noticed Menkaure
  7255 | D:7      | Banished Menkaure
  7491 | D:7      | Noticed a hornet
  7499 | D:7      | Killed a hornet
  7499 | D:7      | Reached skill level 6 in Armour
  7499 | D:7      | Reached skill level 6 in Shields
  7499 | D:7      | Reached skill level 3 in Invocations
  7556 | D:7      | Reached skill level 9 in Axes
  7557 | D:7      | Found a glowing silver altar of Zin.
  7655 | D:7      | Noticed Crazy Yiuf
  7663 | D:7      | Killed Crazy Yiuf
  8356 | D:8      | Reached ***** piety under Lugonu
  8533 | D:8      | Reached XP level 10. HP: 88/88 MP: 14/14
  8600 | D:8      | Reached skill level 6 in Invocations
  8917 | D:8      | Noticed a two-headed ogre
  8949 | D:8      | Killed a two-headed ogre
  9111 | D:8      | Got a translucent silver ring
  9116 | D:8      | Identified the ring "Ukliss" {rPois rF+ rN+ Dex+4} (You found it on level 8 of the Dungeon)
  9123 | D:8      | Got a transparent chain mail
  9134 | D:8      | Identified the +7 chain mail "Vunkutu" {rC+ rN+ rCorr Str-2} (You found it on level 8 of the Dungeon)
  9551 | D:9      | Found Xicoa's Food Shop.
  9612 | D:9      | Noticed a two-headed ogre
  9630 | D:9      | Killed a two-headed ogre
  9877 | D:9      | Noticed Prince Ribbit
  9884 | D:9      | Killed Prince Ribbit
  9903 | D:9      | Reached XP level 11. HP: 78/94 MP: 17/17
 10399 | D:10     | Entered Level 10 of the Dungeon
 10410 | D:10     | Reached skill level 9 in Armour
 10481 | D:10     | Reached skill level 9 in Shields
 10680 | D:10     | Found a portal to a secret trove of treasure.
 10977 | D:10     | Noticed a two-headed ogre
 10997 | D:10     | Killed a two-headed ogre
 11112 | D:10     | Reached skill level 9 in Invocations
 11253 | D:10     | Found a shadowy altar of Dithmenos.
 11427 | D:11     | Reached ****** piety under Lugonu
 11445 | D:11     | Learned a level 3 spell: Regeneration
 11550 | D:11     | Noticed a brown ugly thing
 11566 | D:11     | Killed a brown ugly thing
 11638 | D:11     | Noticed a two-headed ogre
 11638 | D:11     | Banished a two-headed ogre
 11679 | D:11     | Found a blossoming altar of Fedhas.
 11722 | D:11     | Reached skill level 12 in Axes
 12136 | D:11     | Noticed a green ugly thing
 12160 | D:11     | Killed a green ugly thing
 12163 | D:11     | Noticed a two-headed ogre
 12183 | D:11     | Killed a two-headed ogre
 12345 | D:11     | Reached XP level 12. HP: 94/101 MP: 19/19
 12458 | D:11     | Found a staircase to the Lair.
 12530 | Lair:1   | Entered Level 1 of the Lair of Beasts
 12868 | Lair:1   | Reached skill level 9 in Fighting
 13403 | Lair:1   | Identified a scroll of acquirement
 13994 | Lair:2   | Noticed a five-headed hydra
 13995 | Lair:2   | Banished a five-headed hydra
 14089 | Lair:2   | Reached skill level 10 in Fighting
 14494 | Lair:3   | Reached skill level 12 in Invocations
 14500 | Lair:3   | Reached XP level 13. HP: 113/113 MP: 20/22
 14852 | Lair:3   | Found a staircase to the Snake Pit.
 15350 | Lair:4   | Reached skill level 12 in Shields
 15378 | Lair:4   | Reached skill level 11 in Fighting
 15714 | Lair:4   | Got a transparent hand axe
 15715 | Lair:4   | Identified the +1 hand axe of the Dead {flame, +Fly Str-5 Dex+9} (You found it on level 4 of the Lair of Beasts)
 16507 | Lair:4   | Found a staircase to the Swamp.
 17064 | Lair:5   | Reached skill level 15 in Axes
 17091 | Lair:5   | Found a staircase to the Slime Pits.
 17093 | Lair:5   | Found a viscous altar of Jiyva.
 17114 | Lair:5   | Found a frozen archway.
 17116 | Lair:5   | Noticed an ice dragon
 17142 | Lair:5   | Banished an ice dragon
 17233 | IceCv    | Entered an ice cave
 17531 | IceCv    | Noticed a reaper
 17581 | IceCv    | Reached XP level 14. HP: 83/125 MP: 24/24
 17596 | IceCv    | Killed a reaper
 17596 | IceCv    | Reached skill level 12 in Fighting
 18558 | Lair:6   | Entered Level 6 of the Lair of Beasts
 19577 | Swamp:1  | Entered Level 1 of the Swamp
 19715 | Swamp:1  | Noticed Josephine
 19742 | Swamp:1  | Killed Josephine
 20198 | Trove    | Entered a treasure trove
 20224 | D:10     | Fell from the grace of Lugonu
 20354 | Temple   | Entered the Ecumenical Temple
 20452 | Temple   | Became a worshipper of Makhleb the Destroyer
 20622 | D:12     | Found Xahy's Food Shop.
 20641 | D:12     | Found Toso's Armour Emporium.
 20646 | D:12     | Bought a scarf of repulsion for 168 gold pieces
 20646 | D:12     | Bought a +1 pair of boots of flying for 231 gold pieces
 20742 | D:12     | Found Ohoess's Magic Scroll Shop.
 20775 | D:12     | Bought a scroll of teleportation for 42 gold pieces
 20775 | D:12     | Bought a scroll of identify for 28 gold pieces
 20775 | D:12     | Bought a scroll of magic mapping for 49 gold pieces
 20775 | D:12     | Bought a scroll of identify for 28 gold pieces
 20830 | D:12     | Found Reanapn's General Store.
 20833 | D:12     | Bought an uncursed ring of protection from magic for 300 gold pieces
 20833 | D:12     | Bought a potion of agility for 48 gold pieces
 20833 | D:12     | Bought 2 potions of curing for 72 gold pieces
 20833 | D:12     | Bought a scroll of teleportation for 36 gold pieces
 20889 | D:12     | Reached skill level 13 in Fighting
 20893 | D:12     | Found Diremoam's Jewellery Emporium.
 20941 | D:12     | Reached * piety under Makhleb
 21111 | D:12     | Found a staircase to the Orcish Mines.
 21120 | D:12     | Noticed a tentacled starspawn
 21130 | D:12     | Killed a tentacled starspawn
 21399 | D:12     | Reached ** piety under Makhleb
 21620 | D:13     | Reached XP level 15. HP: 133/136 MP: 26/26
 21816 | D:13     | Noticed Sonja
 21827 | D:13     | Killed Sonja
 21909 | D:13     | Reached skill level 14 in Fighting
 21944 | D:13     | Found Zuhef's Book Emporium.
 22125 | D:13     | Reached *** piety under Makhleb
 22496 | D:14     | Noticed Urug
 22516 | D:14     | Killed Urug
 22538 | D:14     | Noticed a tentacled starspawn
 22544 | D:14     | Killed a tentacled starspawn
 22586 | D:14     | Noticed Kirke
 22595 | D:14     | Noticed a sphinx
 22606 | D:14     | Noticed a sphinx
 22607 | D:14     | Killed Kirke
 22649 | D:14     | Cast into level 4 of the Abyss (Lugonu's touch)
 22661 | D:14     | Escaped the Abyss
 22662 | D:14     | Gained mutation: Scrolls take you a little longer to read. [mutagenic glow]
 22705 | D:14     | Lost mutation: Scrolls take you a little longer to read. [potion of mutation]
 22705 | D:14     | Gained mutation: Your mind is acute. (Int +2) [potion of mutation]
 22705 | D:14     | Gained mutation: You are partially covered in large bone plates. (SH +4) [potion of mutation]
 22776 | D:14     | Found a roughly hewn altar of Beogh.
 22785 | D:14     | Reached **** piety under Makhleb
 22903 | D:14     | Noticed Agnes
 22926 | D:14     | Killed Agnes
 22984 | D:14     | Found a gate to the Vaults.
 23057 | D:14     | Reached skill level 15 in Fighting
 23057 | D:14     | Reached skill level 18 in Axes
 23223 | D:14     | Noticed Nessos
 23241 | D:14     | Killed Nessos
 23698 | D:15     | Entered Level 15 of the Dungeon
 23736 | D:15     | Found a staircase to the Depths.
 23736 | D:15     | Noticed a fire giant
 23740 | D:15     | Killed a fire giant
 24231 | D:15     | Found a sacrificial altar of Ru.
 24404 | Orc:1    | Entered Level 1 of the Orcish Mines
 24434 | Orc:1    | Found Ecoumm's Eclectic Emporium.
 24446 | Orc:1    | Bought a scroll of enchant armour for 120 gold pieces
 24547 | Orc:1    | Reached ***** piety under Makhleb
 24555 | Orc:1    | Reached XP level 16. HP: 150/150 MP: 27/27
 24690 | Orc:2    | Entered Level 2 of the Orcish Mines
 25020 | Orc:2    | Found a staircase to the Elven Halls.
 25088 | Orc:2    | Found Xaets's Weapon Boutique.
 25088 | Orc:2    | Found Wugek's Food Shoppe.
 25089 | Orc:2    | Found Recacara's Food Emporium.
 25089 | Orc:2    | Found Huumoceacyx's Armour Boutique.
 25093 | Orc:2    | Reached skill level 16 in Fighting
 25437 | Orc:1    | Noticed a tentacled starspawn
 25443 | Orc:1    | Killed a tentacled starspawn
 25471 | Orc:1    | Reached ****** piety under Makhleb
 25477 | Orc:1    | Reached skill level 12 in Armour
 25810 | Snake:1  | Entered Level 1 of the Snake Pit
 25818 | Snake:1  | Noticed a nagaraja
 25828 | Snake:1  | Killed a nagaraja
 25840 | Snake:1  | Reached skill level 15 in Shields
 26160 | Snake:1  | Found Jemu's Antique Armour Shop.
 26166 | Snake:1  | Found a runed gate.
 26166 | Snake:1  | Found a runed gate.
 26166 | Snake:1  | Found a runed gate.
 26188 | Snake:1  | Bought a glowing helmet for 187 gold pieces
 26339 | Snake:1  | Gained mutation: Your magical capacity is low. (-10% MP) [mutagenic glow]
 26811 | Snake:1  | Reached skill level 17 in Fighting
 26969 | Snake:2  | Reached XP level 17. HP: 161/161 MP: 25/25
 26994 | Snake:2  | Noticed a tentacled starspawn
 27000 | Snake:2  | Killed a tentacled starspawn
 27038 | Snake:2  | Found Coqeowoh's Armour Shop.
 28859 | Snake:3  | Reached skill level 18 in Fighting
 29433 | Snake:4  | Entered Level 4 of the Snake Pit
 29456 | Snake:4  | Cast into level 3 of the Abyss (Lugonu's touch)
 29491 | Abyss:3  | Noticed a tentacled starspawn
 29503 | Abyss:3  | Killed a tentacled starspawn
 29530 | Abyss:3  | Noticed a tentacled starspawn
 29540 | Abyss:3  | Killed a tentacled starspawn
 29662 | Abyss:3  | Reached XP level 18. HP: 173/173 MP: 26/26
 29839 | Abyss:3  | Noticed a bone dragon
 29865 | Abyss:3  | Killed a bone dragon
 29985 | Snake:4  | Escaped the Abyss
 30164 | Snake:4  | Reached skill level 15 in Armour
 30472 | Snake:4  | Reached skill level 19 in Fighting
 30654 | Snake:4  | Noticed Vashnia
 30728 | Snake:4  | Gained mutation: You tend to lose your temper in combat. [a cacodemon]
 30730 | Snake:4  | Gained mutation: Armour fits poorly on your strangely shaped body. [a cacodemon]
 30785 | Snake:4  | Killed Vashnia
 30785 | Snake:4  | Reached XP level 19. HP: 183/183 MP: 27/27
 30887 | Snake:4  | Reached skill level 18 in Shields
 30934 | Snake:4  | Got a serpentine rune of Zot
 31777 | Swamp:1  | Noticed Roxanne
 31808 | Swamp:1  | Killed Roxanne
 31809 | Swamp:1  | Identified Roxanne's Collected Works on Shape Shifting (You took it off Roxanne on level 1 of the Swamp)
 32114 | Swamp:2  | Found an opulent altar of Gozag.
 32826 | Swamp:3  | Gained mutation: You are clumsy. (Dex -2) [mutagenic glow]
 33138 | Swamp:3  | Reached skill level 20 in Fighting
 33442 | Swamp:3  | Identified Sif Muna's Almanac of the Wary Yaks
 33602 | Swamp:3  | Was forgiven by Lugonu
 33681 | Swamp:4  | Entered Level 4 of the Swamp
 33857 | Swamp:4  | Noticed the 27-headed Lernaean hydra
 33867 | Swamp:4  | Killed the 27-headed Lernaean hydra
 33904 | Swamp:4  | Got a decaying rune of Zot
 34105 | Swamp:4  | Reached skill level 1 in Dodging
 34722 | Swamp:4  | Reached XP level 20. HP: 188/194 MP: 28/28
 35055 | Vaults:1 | Entered Level 1 of the Vaults
 35088 | Vaults:1 | Reached skill level 15 in Invocations
 35180 | Vaults:1 | Reached skill level 3 in Dodging
 35442 | Vaults:1 | Reached skill level 21 in Fighting
 36296 | Vaults:1 | Found Nitida's Antique Armour Shoppe.
 37340 | Vaults:2 | Found Numuk's Weapon Boutique.
 37435 | Vaults:2 | Reached XP level 21. HP: 204/204 MP: 29/29
 37513 | Vaults:2 | Lost mutation: You tend to lose your temper in combat. [potion of mutation]
 37513 | Vaults:2 | Lost mutation: Your magical capacity is low. (-10% MP) [potion of mutation]
 37513 | Vaults:2 | Lost mutation: Your mind is acute. (Int +2) [potion of mutation]
 37513 | Vaults:2 | Lost mutation: Armour fits poorly on your strangely shaped body. [potion of mutation]
 37513 | Vaults:2 | Lost mutation: You are clumsy. (Dex -2) [potion of mutation]
 37513 | Vaults:2 | Gained mutation: Your muscles are strong. (Str +2) [potion of mutation]
 37513 | Vaults:2 | Lost mutation: Your muscles are strong. (Str +2) [potion of mutation]
 37513 | Vaults:2 | Gained mutation: Your system is resistant to poisons. (rPois) [potion of mutation]
 37513 | Vaults:2 | Gained mutation: You have supernaturally acute eyesight. (SInv) [potion of mutation]
 37849 | Vaults:2 | Found a staircase to the Crypt.
 38101 | Vaults:2 | Reached skill level 6 in Dodging
 38417 | Vaults:3 | Found Gynipuli's Magic Scroll Boutique.
 38430 | Vaults:3 | Bought a scroll of acquirement for 936 gold pieces
 38458 | Vaults:3 | Found Xucw's Jewellery Shop.
 38462 | Vaults:3 | Bought the ring "Hikkaleo" {MR+ Dex+4} for 767 gold pieces
 38734 | Vaults:3 | Found Xixos's Gadget Shoppe.
 38983 | Vaults:3 | Reached skill level 22 in Fighting
 39146 | Vaults:3 | Gained mutation: Your spells are a little easier to cast, but a little less powerful. [a shining eye]
 39771 | Vaults:3 | Found Nenat's Magic Scroll Boutique.
 39778 | Vaults:3 | Bought a scroll of enchant armour for 150 gold pieces
 39778 | Vaults:3 | Bought a scroll of blinking for 150 gold pieces
 39778 | Vaults:3 | Bought a scroll of fog for 40 gold pieces
 40098 | Vaults:4 | Reached XP level 22. HP: 191/214 MP: 34/34
 40149 | Vaults:4 | Reached skill level 18 in Invocations
 40437 | Vaults:4 | Found Maall's Antique Weapon Shoppe.
 41187 | Depths:1 | Entered Level 1 of the Depths
 41333 | Depths:1 | Found a gateway to Hell.
 41719 | Depths:1 | Identified the Papyrus of the Armadillo
 41932 | Depths:1 | Reached skill level 9 in Dodging
 42018 | Depths:2 | Reached skill level 21 in Shields
 42833 | Depths:3 | Reached skill level 23 in Fighting
 42849 | Depths:3 | Reached XP level 23. HP: 222/222 MP: 36/36
 42963 | Depths:3 | Found a one-way gate leading to the halls of Pandemonium.
 43047 | Depths:3 | Paralysed by a floating eye for 2 turns
 43253 | Depths:3 | Found a one-way gate to the infinite horrors of the Abyss.
 43803 | Depths:3 | Found a radiant altar of Vehumet.
 45576 | Depths:5 | Entered Level 5 of the Depths
 45622 | Depths:5 | Reached XP level 24. HP: 233/233 MP: 37/37
 45630 | Depths:5 | Reached skill level 24 in Fighting
 45738 | Depths:5 | Paralysed by a floating eye for 4 turns
 45773 | Depths:5 | Found a gateway to a ziggurat.
 45986 | Depths:5 | Reached skill level 21 in Invocations
 46434 | Depths:5 | Found a gate to the Realm of Zot.
 46764 | Vaults:5 | Entered Level 5 of the Vaults
 46834 | Vaults:5 | Noticed an ancient lich
 46890 | Vaults:5 | Killed an ancient lich
 47101 | Vaults:5 | Reached XP level 25. HP: 244/244 MP: 38/38
 47113 | Vaults:5 | Reached skill level 25 in Fighting
 47713 | Vaults:5 | Got a silver rune of Zot
 48093 | Vaults:5 | Noticed an ancient lich
 48104 | Vaults:5 | Killed an ancient lich
 48484 | Slime:1  | Entered Level 1 of the Pits of Slime
 48486 | Slime:1  | Gained mutation: You are frail. (-10% HP) [a shining eye]
 48491 | Lair:5   | Lost mutation: Your system is resistant to poisons. (rPois) [potion of mutation]
 48491 | Lair:5   | Lost mutation: Your spells are a little easier to cast, but a little less powerful. [potion of mutation]
 48491 | Lair:5   | Lost mutation: You are frail. (-10% HP) [potion of mutation]
 48491 | Lair:5   | Lost mutation: You have supernaturally acute eyesight. (SInv) [potion of mutation]
 48491 | Lair:5   | Lost mutation: You are partially covered in large bone plates. (SH +4) [potion of mutation]
 48491 | Lair:5   | Gained mutation: Your movements are slightly less encumbered by armour. (ER -2) [potion of mutation]
 48491 | Lair:5   | Gained mutation: Your body sometimes deteriorates upon taking damage. [potion of mutation]
 48491 | Lair:5   | Gained mutation: Your muscles are strong. (Str +2) [potion of mutation]
 48846 | Zot:1    | Entered Level 1 of the Realm of Zot
 48849 | Zot:1    | Noticed an orb of fire
 48923 | Depths:5 | Killed an orb of fire
 49005 | Depths:5 | Reached skill level 18 in Armour
 49027 | Depths:5 | HP: 8/246 [electric golem/bolt of lightning (44)]
 49027 | Depths:5 | Killed from afar by an electric golem

Vault maps used:
D:1:      dpeg_arrival_radiant
D:2:      kennysheep_six_static_rooms, first_bread, minivault_11,
          minmay_mini_jars
D:4:      portal_sewer_entry_d, okawaru_metal_pillars_3
D:5:      minmay_temple_entry_trees, serial_shops, nicolae_shop_behind_doors
D:7:      lemuel_coloured_pillars_altar, the_bakery, uniq_menkaure,
          uniq_crazy_yiuf_cottage
D:8:      minmay_the_grid_octo_2x2, glass_columns_c, kennysheep_small_square
D:9:      serial_shops, nicolae_shop_crystal, kennysheep_generic_room_8,
          uniq_prince_ribbit1
D:10:     nicolae_trove_entry_path_of_doom, grunt_dithmenos_shadows
D:11:     grunt_lair_entry_orc_guard_hut, fedhas_altar_1
D:12:     minmay_orc_entry_guard_dogs, serial_shops, kennysheep_little_box,
          kennysheep_mini_moat, nicolae_shop_waterfront, nicolae_shop_stone,
          kennysheep_mini, minmay_bent
D:13:     serial_shops, shop_statue, uniq_sonja
D:14:     david_vaults_1, special_room, nicolae_lava_and_water, uniq_kirke,
          uniq_agnes, uniq_urug, uniq_nessos
D:15:     grunt_enter_depths_giant_problem, nicolae_ru_sacrificial_ziggurat
Temple:   kilobyte_greek_temple
Lair:3:   dummy_snake_entry, disabler_island, grunt_megastairs_2
Lair:4:   nicolae_swamp_entry_splash_gauntlet, enter_volcano_4
Lair:5:   slime_altar_1, portal_ice_cave_entry_animals_and_master
Lair:6:   grunt_lair_end_beastmaster
Swamp:1:  evilmike_swamp_ruin_house_4, infiniplex_staircase_pool,
          uniq_josephine, uniq_roxanne
Swamp:2:  nicolae_swamp_godswood
Swamp:3:  cheibrodos_swamp_mausoleum, nicolae_swamp_fairy_circle, swamp_pool3
Swamp:4:  grunt_swamp_rune_castle, swamp_pool3, nicolae_swamp_dragon_and_kin
Snake:1:  serial_shops, shop, nicolae_snake_horde_hoard
Snake:2:  serial_shops, shop, hangedman_snake_thin_pillar_pass
Snake:3:  evilmike_ambush, grunt_megastairs_1
Snake:4:  johnstein_snake_rune_scales
Slime:1:  nicolae_slime_jelly_donut
Orc:1:    nicolae_alphabet_shops
Orc:2:    st_orc_ogre_mass
Vaults:1: nicolae_vaults_c_with_doors, nicolae_vaults_circle_grid_b, v_misc_30,
          v_misc_2, nicolae_vaults_network_square,
          vaults_mumra_minichess_inversion, hangedman_vaults_stream, v_misc_14,
          vaults_dpeg_cross, nicolae_vaults_shelves_hall, serial_shops,
          shop_statue
Vaults:2: v_misc_11, ontoclasm_vaults_twist, ontoclasm_vaults_claustrophobia,
          vaults_room_stairs_pillars, vaults_room_hallway,
          vaults_mumra_minichess, minmay_crypt_entry_skeletal_spiral,
          serial_shops, shop_coins
Vaults:3: hangedman_vaults_impose, st_eye,
          nicolae_vaults_windows_and_doors_thing, v_misc_26,
          nicolae_vaults_twisting_passages, grunt_vaults_twisty, v_misc_18,
          grunt_vaults_funnel, nicolae_vaults_rhombus_6, grunt_vaults_focal,
          serial_shops, nicolae_shop_temple_entry_statues_fountains,
          nicolae_shop_window_shopping, shop, nicolae_shop_statue_plus
Vaults:4: nicolae_vaults_hallways_thing, v_misc_17, nicolae_vaults_triangles,
          hangedman_vaults_maws, ontoclasm_vaults_misaligned,
          nicolae_vaults_little_squares_2, ontoclasm_vaults_ring_large,
          hangedman_vaults_nails, nicolae_vaults_network_periphery,
          vaults_dpeg_ring, vaults_room_corners, hangedman_vaults_maws,
          hangedman_vaults_impose, serial_shops, nicolae_shop_trees
Depths:1: hell_entry, minmay_fountain_box, kennysheep_pointless_box,
          hangedman_research_toxicology
Depths:2: nicolae_whirlpool, minmay_misc_feat_five, hellmouth_1,
          infiniplex_staircase_zigzag_2
Depths:3: minmay_guarded_unrand_majin_bo, pan_entry, abyss_entry,
          grunt_hell_entry_dis_mu, hangedman_decor_growths,
          kennysheep_flooded_box
Depths:4: minmay_sliced_demisemicircle, hangedman_coc_ice_floe,
          hangedman_decor_cross_pass, marbit_kobold_abyss_entry,
          serial_sigils_hangedman_snap
Depths:5: grunt_zot_entry_bicorn, enter_ziggurat_d, pf_hell_entry_tar_spiral,
          hangedman_abyss_or_decor_clamps, abyss_entry
Zot:1:    zot_minivault_1
Abyss:4:  guppyfry_abyss_exit_glass_guarded, nicolae_abyss_rune_left_handed
Trove:    trove_weapon_2
Sewer:    sewer_frog_island_02
IceCv:    ice_cave_small_demon

Skill      XL: |  1  2  3  4  5  6  7  8  9 10 11 12 13 14 15 16 17 18 19 20 21 22 23 24 25 |
---------------+----------------------------------------------------------------------------+-----
Axes           | 3 4 5 6 7 8 9 11 12 13 15 16 18 | 18.0
Fighting       | 4 5 6 7 8 10 11 13 15 17 18 19 20 21 22 23 24 25 | 25.4
Shields        | 2 4 5 7 8 10 11 12 13 14 15 16 17 19 20 21 22 23 | 23.6
Armour         | 3 4 5 7 8 10 12 14 15 17 18 | 18.0
Invocations    | 5 8 10 12 13 14 16 17 19 20 22 23 | 23.4
Dodging        | 2 5 7 9 |  9.5

Action                   |  1- 3 |  4- 6 |  7- 9 | 10-12 | 13-15 | 16-18 | 19-21 | 22-24 | 25-27 || total
-------------------------+-------+-------+-------+-------+-------+-------+-------+-------+-------++-------
Melee: Hand axe          |   125 |   215 |   366 |       |       |       |       |       |       ||   706
       War axe           |       |       |   361 |   986 |   626 |       |       |       |       ||  1973
       Broad axe         |       |       |       |       |   919 |  1369 |  2074 |  1821 |   280 ||  6463
       Unarmed           |       |       |       |       |     1 |       |       |       |       ||     1
Invok: Depart the Abyss  |     1 |       |       |       |       |       |       |       |       ||     1
       Banish            |       |       |     1 |     5 |    37 |       |       |       |       ||    43
       Bend Space        |       |       |       |     3 |       |       |       |       |       ||     3
       Renounce Religion |       |       |       |       |     1 |       |       |       |       ||     1
       Minor Destruction |       |       |       |       |    24 |       |       |    30 |       ||    54
       Lesser Servant of |       |       |       |       |     2 |       |       |       |       ||     2
       Greater Servant o |       |       |       |       |       |     6 |     4 |     2 |     2 ||    14
       Major Destruction |       |       |       |       |       |       |       |     7 |       ||     7
 Abil: Stop Flying       |       |       |       |       |       |       |       |     2 |       ||     2
       Evoke Flight      |       |       |       |       |       |       |       |     1 |       ||     1
Evoke: Wand              |       |     2 |     2 |     3 |     5 |       |     4 |     1 |       ||    17
       Phial of floods   |       |       |       |       |     2 |       |       |       |       ||     2
       Lamp of fire      |       |       |       |       |       |       |     1 |       |       ||     1
  Use: Scroll            |       |     6 |    14 |    12 |    16 |     9 |     7 |     3 |     1 ||    68
       Potion            |       |       |       |       |     2 |     1 |     2 |     1 |     1 ||     7
 Stab: Distracted        |       |       |       |       |     1 |     1 |     1 |       |       ||     3
       Paralysed         |       |       |       |       |     4 |       |       |       |       ||     4
       Petrified         |       |       |       |       |       |       |       |     4 |     1 ||     5
       Petrifying        |       |       |       |       |       |       |       |     3 |       ||     3
       Confused          |       |       |       |       |       |       |       |       |     1 ||     1
  Eat: Chunk             |     2 |     7 |    18 |    23 |    30 |    15 |    23 |    23 |       ||   141
       Royal jelly       |       |       |       |       |     5 |       |       |       |       ||     5
       Meat ration       |       |       |       |       |     1 |     1 |     2 |     1 |     2 ||     7
Armor: Leather armour    |    10 |       |       |       |       |       |       |       |       ||    10
       Chain mail        |    69 |   113 |       |   297 |   512 |   201 |   529 |   268 |    85 ||  2074
       Plate armour      |       |    23 |   322 |    32 |       |       |       |       |       ||   377
Dodge: Dodged            |    43 |    39 |    29 |    59 |   137 |    60 |   220 |   227 |    63 ||   877
       Deflected         |       |       |       |       |     7 |    25 |    29 |    29 |     4 ||    94
Block: Large shield      |       |   101 |   706 |  1032 |  1745 |  1244 |  1960 |  1794 |   271 ||  8853
